 Dungeon Crawl Stone Soup version 0.02-213-g07563d0 (webtiles) character file.

Game seed: 17681215801557811375, levelgen mode: deterministic

145 Kalegnar the Skirmisher (level 5, -2/48 HPs) Minotaur Monk. Began on Nov 19, 2020. Slain by an ooze (3 damage) ... on level 2 of the Dungeon. The game lasted 00:04:30 (1154 turns).

Kalegnar the Skirmisher (Minotaur Monk)             Turns: 1154, Time: 00:04:31

Health: -2/48      AC: -1    Str: 16    XL:     5 ^: 172
Magic:  0/4        EV: 12    Int:  7    God:
Gold:   0          SH:  0    Dex: 13    Spells: 4/4 levels left

rFire    . . .     Vision   .   a - +0 hatchet
rCold    . . .     Gourm    .   (no weapon)
rNeg     . . .     Faith    .   k - +0 scale mail
rPois    .         Spirit   +   (helmet restricted)
rElec    .         Reflect  .   (no cloak)
rCorr    .         Harm     .   (no gloves)
MR       +....                  (no boots)
Stlth    ..........             i - amulet of guardian spirit
HPRegen  0.26/turn              g - ring of protection from magic
MPRegen  0.14/turn              (no ring)

@: corroded
A: retaliatory headbutt, horns 2
a: no special abilities


You were on level 2 of the Dungeon.
You were not hungry.

You visited 1 branch of the dungeon, and saw 2 of its levels.

Inventory:

Weapons
 a - a +0 hatchet (weapon)
Armour
 k - a +0 scale mail (worn)
Jewellery
 g - a ring of protection from magic (left hand)
 i - an amulet of guardian spirit (around neck)
Scrolls
 f - a scroll of amnesia
 h - a scroll of silence
Potions
 e - 2 potions of curing
 j - a potion of heal wounds
 l - a potion of mutation
Comestibles
 c - 4 rations


   Skills:
 + Level 5.2 Fighting
 + Level 5.2 Axes & Hammers
 + Level 2.2 Armour
 - Level 3.2 Dodging
 - Level 1.5 Stealth


You had 4 spell levels left.
You didn't know any spells.
Your spell library was empty.

Dungeon Overview and Level Annotations

Branches:
Dungeon (2/8)

Altars:


Innate Abilities, Weirdness & Mutations

You reflexively headbutt those who attack you in melee.
You have a pair of horns on your head.


Message History

You hit the ooze but do no damage. You hit the ooze (1).
The ooze is heavily wounded. (5/12) HP The ooze closely misses you (0).
You hit the ooze but do no damage. x2
You headbutt the ooze, but do no damage.
The ooze is heavily wounded. (5/12) HP The ooze hits you (5).
* * * LOW HITPOINT WARNING * * *
You hit the ooze but do no damage. x2
The ooze is heavily wounded. (5/12) HP The ooze hits you (1).
You hit the ooze (1). You hit the ooze but do no damage.
You headbutt the ooze, but do no damage.
The ooze is severely wounded. (4/12) HP The ooze hits you (1).
* * * LOW HITPOINT WARNING * * *
You hit the ooze (3). You hit the ooze but do no damage.
The ooze is almost dead. (1/12) HP The ooze hits you (3).
You die...

.≈≈≈≈ ≈≈≈
... ≈≈.
#.###
##.≈.#
#≈≈J###
#≈@##<##
##≈...≈#
##≈......#
###≈#≈≈...≈
#######.≈ ≈


You could see an ooze.

Vanquished Creatures
  2 jellies
  3 sewer rats (D:1)
  3 cinder newts (D:1)
  An ooze (D:1)
  2 dart slugs (D:1)
  2 ball pythons
  7 goblins (D:1)
  3 hobgoblins (D:1)
  7 kobolds (D:1)
  7 bats
  3 rats (D:1)
40 creatures vanquished.

Vanquished Creatures (others)
  9 withered plants (D:2)
9 creatures vanquished.

Grand Total: 49 creatures vanquished

Notes
Turn   | Place    | Note
-------+----------+-------------------------------------------
     0 | D:1      | Kalegnar the Minotaur Monk began the quest for the Orb.
     0 | D:1      | Reached XP level 1. HP: 19/19 MP: 0/0
     2 | D:1      | Noticed a troll
     4 | D:1      | Noticed a vine stalker
     4 | D:1      | Noticed a demonspawn
     6 | D:1      | Noticed a vampire
     6 | D:1      | Noticed a naga
     8 | D:1      | Noticed a human
    10 | D:1      | Noticed a mummy
    10 | D:1      | Noticed a felid
    12 | D:1      | Noticed a spriggan
    12 | D:1      | Noticed a ghoul
    14 | D:1      | Noticed an ogre
    16 | D:1      | Noticed an elf
    18 | D:1      | Noticed a minotaur
    18 | D:1      | Noticed a tengu
    20 | D:1      | Noticed a gargoyle
    20 | D:1      | Noticed a centaur
    22 | D:1      | Noticed a merfolk
    22 | D:1      | Noticed a formicid
    24 | D:1      | Noticed a draconian
    24 | D:1      | Noticed a dwarf
    26 | D:1      | Noticed a demigod
    26 | D:1      | Noticed an octopode
    80 | D:1      | Reached XP level 2. HP: 9/27 MP: 1/1
   318 | D:1      | Reached XP level 3. HP: 34/34 MP: 2/2
   769 | D:1      | Reached skill level 1 in Armour
   882 | D:1      | Reached XP level 4. HP: 21/41 MP: 1/3
   989 | D:1      | Reached skill level 5 in Fighting
   989 | D:1      | Reached skill level 5 in Axes & Hammers
  1146 | D:2      | Reached XP level 5. HP: 13/48 MP: 1/4
  1151 | D:2      | HP: 1/48 [ooze (5)]
  1154 | D:2      | Slain by an ooze

Levels and vault maps discovered:
D:1:      kb_arrival_jail, layout_loops_ring
D:2:      layout_sewer, first_ration

Skill      XL: |  1  2  3  4 |
---------------+-------------+-----
Fighting       | 4 5 |  5.2
Axes & Hammers | 4 5 |  5.2
Armour         | 1 2 |  2.2
Dodging        | |  3.2
Stealth        | |  1.5

Action                   |  1- 3 |  4- 6 || total
-------------------------+-------+-------++-------
Melee: Hatchet           |    75 |    30 ||   105
       Unarmed           |    56 |    30 ||    86
       Headbutt          |     7 |     8 ||    15
Throw: Stone             |     1 |       ||     1
       Rusty metal       |     1 |       ||     1
 Stab: Sleeping          |     4 |       ||     4
  Eat: Chunk             |       |     1 ||     1
Armor: Robe              |     6 |       ||     6
       Scale mail        |    10 |     4 ||    14
Dodge: Dodged            |    51 |    17 ||    68
